 Dungeon Crawl Stone Soup version 0.30-a0-986-g7f2e898f52 (webtiles) character file.

Game seed: 2135103232779924377

172 Grim the Shield-Bearer (level 5, -11/41 HPs)
             Began as a Formicid Fighter on Apr 2, 2023.
             Was a Follower of Yredelemnul.
             Killed by nerve-wracking pain
             ... invoked by an orc priest
              (13 damage)
             ... on level 4 of the Dungeon.
             The game lasted 00:04:43 (3091 turns).

Grim the Shield-Bearer (Formicid Fighter)           Turns: 3091, Time: 00:04:48

Health: -11/41     AC: 11    Str: 22    XL:     5   Next: 83%
Magic:  5/5        EV:  3    Int:  8    God:    Yredelemnul [*.....]
Gold:   285        SH: 15    Dex: 19    Spells: 4/4 levels left

rFire   . . .      SeeInvis +    a - +0 war axe
rCold   . . .      Faith    .    m - +0 tower shield
rNeg    . . .      Spirit   .    s - +0 plate armour
rPois   .          Reflect  .    (helmet unavailable)
rElec   .          Rampage  .    (no cloak)
rCorr   .                        (no gloves)
Will    .....                    (no boots) Stlth
                                 (no amulet)
HPRegen 0.26/turn                p - +6 ring of dexterity
MPRegen 0.09/turn                (no ring)

@: flying
A: permanent stasis, dig shafts and tunnels, antennae 3, four strong arms
a: Dig, Shaft Self, Renounce Religion, Recall Undead Harvest


You were on level 4 of the Dungeon.
You worshipped Yredelemnul.
Yredelemnul was noncommittal.
You visited 2 branches of the dungeon, and saw 5 of its levels.

You collected 285 gold pieces.

Inventory:

Hand Weapons
 a - a +0 war axe (weapon)
Armour
 b - a +0 scale mail
 c - a +0 buckler
 m - a +0 tower shield (worn)
 s - a +0 plate armour (worn)
Jewellery
 p - a +6 ring of dexterity (left hand)
Scrolls
 f - 2 scrolls of noise {unknown}
 g - a scroll of poison {unknown}
 h - 4 scrolls of identify {unknown}
 i - a scroll of blinking {unknown}
 l - 2 scrolls of teleportation {unknown}
 n - a scroll of enchant armour {unknown}
 q - a scroll of silence {unknown}
 r - a scroll of vulnerability {unknown}
 t - a scroll of torment {unknown}
Potions
 d - a potion of might
 e - 2 potions of flight
 j - 2 potions of invisibility {unknown}
 k - 3 potions of curing {unknown}
 o - a potion of brilliance {unknown}


   Skills:
 - Level 3.2 Fighting
 * Level 5.0 Axes
 - Level 3.2 Armour
 + Level 5.1 Shields


You had 4 spell levels left.
You didn't know any spells.
Your spell library contained the following spells:

 Spells                   Type           Power      Damage    Failure   Level
 Apportation              Tloc           0%         N/A       100%        1
 Necrotise                Necr           0%         1d4       100%        1
 Summon Small Mammal      Summ           0%         N/A       100%        1
 Cigotuvi's Dreadful Rot  Necr/Pois/Air  0%         N/A       100%        2
 Dispel Undead            Necr           0%         3d6       100%        4
 Freezing Cloud           Conj/Ice/Air   0%         6-21      100%        5
 Polar Vortex             Ice            0%         N/A       100%        9
 Death Channel            Necr           Unusable   N/A       N/A         6
 Simulacrum               Ice/Necr       Unusable   N/A       N/A         6

Dungeon Overview and Level Annotations

Branches:
Dungeon (4/15)             Temple (1/1) D:4

Altars:
Dithmenos
Elyvilon
Fedhas
Hepliaklqana
Kikubaaqudgha
Ru
Sif Muna
Uskayaw
Vehumet
Xom
Yredelemnul
Zin
The Shining One


Innate Abilities, Weirdness & Mutations

You cannot be hasted, slowed, berserked, paralysed or teleported.
You can dig through walls and to a lower floor.
You have a pair of large antennae on your head. (SInv)
Your four strong arms can wield two-handed weapons with a shield.


Message History

You block the slug dart.
It was a potion of flight.
You feel very buoyant.
You fly up into the air.
The orc priest hits you but does no damage.
Your adder zombie completely misses the orc priest.
You block the orc priest's attack.
Your orc zombie hits the orc priest but does no damage.
Your orc priest zombie hits the orc priest but does no damage.
Your adder zombie barely misses the orc priest.
The orc priest hits you with a +0 whip.
Keep disrobing?
* * * LOW HITPOINT WARNING * * *
You block the orc priest's attack.
Your orc zombie barely misses the orc priest.
You start removing your armour.
You continue taking off your +0 tower shield.
Your adder zombie bites the orc priest but does no damage.
You block the orc priest's attack.
Your orc priest zombie closely misses the orc priest.
You block the orc priest's attack. The dart slug launches a dart at you.
The slug dart hits you but does no damage.
You continue taking off your +0 tower shield.
Your adder zombie bites the orc priest but does no damage.
You block the orc priest's attack.
The orc priest hits you but does no damage.
Your orc zombie hits the orc priest but does no damage.
Your orc priest zombie hits the orc priest.
Your adder zombie closely misses the orc priest.
You continue taking off your +0 tower shield.
The orc priest hits you but does no damage. x2
Your orc zombie hits the orc priest.
Your orc priest zombie barely misses the orc priest.
Your adder zombie barely misses the orc priest.
You continue taking off your +0 tower shield.
The orc priest calls down the wrath of Beogh upon you.
Pain shoots through your body!
You die...
Your body rises from the dead as a mindless zombie.

.. #..........
......###.####.##.Z.....
..... ...........Z......
...... #...###.####.#...
...... #............#+##
......##................
........>...............
.....ZoZ................
......Z@...####....#....
......ow#### #....# ...
.....)... #....# ..
.......... #......
#####...... #......
#....... ........
#?....... # #...#.....
.. ..


You could see 2 orc priests, a dart slug, a friendly adder zombie, a friendly
orc zombie and a friendly orc priest zombie.

Vanquished Creatures
  An orc priest (D:4)
  Jessica (D:3)
  3 adders
  An ufetubus (D:4)
  2 dart slugs
  An orc (D:4)
  6 endoplasms
  3 giant cockroaches
  8 goblins
  6 hobgoblins
  6 quokkas
  3 ball pythons
  4 bats
  4 frilled lizards
  6 kobolds
  2 rats (D:2)
57 creatures vanquished.

Vanquished Creatures (collateral kills)
  An adder (D:4)
  5 orcs (D:4)
  A ball python (D:4)
7 creatures vanquished.

Vanquished Creatures (others)
  A ball python zombie (D:4)
  2 orc zombies (D:4)
  A quokka zombie (D:4)
  A spectral ufetubus (D:4)
  A plant (D:3)
6 creatures vanquished.

Grand Total: 70 creatures vanquished

Notes
Turn   | Place    | Note
-------+----------+-------------------------------------------
     0 | D:1      | Grim the Formicid Fighter began the quest for the Orb.
     0 | D:1      | Reached XP level 1. HP: 18/18 MP: 1/1
   109 | D:1      | Reached XP level 2. HP: 15/24 MP: 2/2
   526 | D:1      | Reached XP level 3. HP: 29/29 MP: 3/3
  1547 | D:3      | Reached XP level 4. HP: 35/35 MP: 4/4
  1591 | D:3      | Noticed Jessica
  1597 | D:3      | Killed Jessica
  1761 | D:3      | Reached XP level 5. HP: 40/41 MP: 5/5
  2397 | D:4      | Found a staircase to the Ecumenical Temple.
  2406 | Temple   | Entered the Ecumenical Temple
  2671 | Temple   | Became a worshipper of Yredelemnul the Dark
  2865 | D:4      | Reached * piety under Yredelemnul
  2869 | D:4      | Reached skill level 5 in Shields
  2929 | D:4      | Reached skill level 5 in Axes
  3087 | D:4      | HP: 1/41 [orc priest/+0 whip (4)]
  3091 | D:4      | Killed from afar by an orc priest

Illustrated notes

Levels and vault maps discovered:
D:1:      heliophobic_arrival_enchanted_forest, layout_rooms, serial_forest,
          infiniplex_forest_clump_double, infiniplex_forest_end_3,
          infiniplex_forest_diagonal, infiniplex_forest_split,
          infiniplex_forest_end_3, infiniplex_forest_diagonal,
          infiniplex_forest_clump_double, infiniplex_forest_lined_1,
          chequers_serial_rivers_micro_c
D:2:      layout_basic
D:3:      wander_river, layout_basic, corexii_shack, grunt_decor_one_mirror,
          uniq_jessica
D:4:      layout_basic, minmay_temple_entry_waves
Temple:   oiseaux_autumnal_temple

Skill      XL: |  1  2  3  4  5 |
---------------+----------------+-----
Axes           | 3 4 5 |  5.0
Shields        | 5 |  5.1
Fighting       | |  3.2
Armour         | |  3.2

Action                     |  1- 3 |  4- 6 || total
---------------------------+-------+-------++-------
  Melee: War axe           |    85 |    85 ||   170
    Use: Potion            |       |     1 ||     1
   Stab: Distracted        |       |     1 ||     1
 Armour: Scale mail        |    43 |    16 ||    59
         Plate armour      |       |    26 ||    26
  Dodge: Dodged            |    37 |     9 ||    46
  Block: Buckler           |    21 |       ||    21
         Tower shield      |     3 |    94 ||    97

Table legend: (Time is in decaauts)
 A = Elapsed time spent in this place.
 B = Non-inter-level travel time spent in this place.
 C = Inter-level travel time spent in this place.
 D = Time resting spent in this place.
 E = Time spent auto-exploring this place.
 F = Levels seen in this place.
 G = Mean time per level.
                   A        B        C        D        E       F      G
               +--------+--------+--------+--------+--------+-----+--------+
         Total |   3187 |   3048 |    139 |    154 |   2270 |   5 |  637.4 |
       Dungeon |   2888 |   2774 |    114 |    154 |   2064 |   4 |  722.0 |
        Temple |    299 |    274 |     25 |      0 |    205 |   1 |  299.0 |
               +--------+--------+--------+--------+--------+-----+--------+

Top non-repeatable levels by time:
     D:3: 888 daAuts
     D:2: 820 daAuts
     D:1: 719 daAuts
     D:4: 460 daAuts
  Temple: 299 daAuts
